 Dungeon Crawl Stone Soup version 0.23.2 (webtiles) character file.

Game seed: 11794487613490117783

125755 Norn the Fighter (level 16, -5/147 HPs)
             Began as a Grey Draconian Transmuter on Apr 7, 2019.
             Was the Champion of Makhleb.
             Slain by a spark wasp (17 damage)
             ... on level 3 of the Spider Nest.
             The game lasted 01:27:06 (27093 turns).

Norn the Fighter (Grey Draconian Transmuter)       Turns: 27093, Time: 01:27:07

Health: -5/147     AC: 21    Str: 17    XL:     16   Next: 42%
Magic:  31/31      EV: 22    Int: 23    God:    Makhleb [******]
Gold:   1742       SH:  0    Dex: 17    Spells: 19/37 levels left

rFire    . . .     SeeInvis +     - Unarmed
rCold    . . .     Gourm    .   (shield currently unavailable)
rNeg     . . .     Faith    .   (armour unavailable)
rPois    +         Spirit   .   Y - +2 hat
rElec    .         Reflect  .   T - +2 cloak {rPois}
rCorr    .         Harm     .   (gloves currently unavailable)
MR       +....                  W - +1 pair of boots
Stlth    +.........             B - amulet of regeneration
HPRegen  1.14/turn              P - ring "Dynyemie" {rPois Dex+4 Slay+3 Stlth-}
MPRegen  0.22/turn              L - ring of Ferghek {Int+4 SInv}

@: blade hands, slowed, very slow
A: walk through water, unfitting armour, horns 1, regeneration 1, strong 2,
unbreathing, cold-blooded, AC +14
a: End Transformation, Minor Destruction, Lesser Servant of Makhleb, Major
Destruction, Greater Servant of Makhleb, Renounce Religion


You were on level 3 of the Spider Nest.
You worshipped Makhleb.
Makhleb was exalted by your worship.
You were not hungry.
You had blades for hands.
You visited 5 branches of the dungeon, and saw 27 of its levels.
You also visited: Sewer, Gauntlet and Ice Cave.

You collected 2470 gold pieces.
You spent 728 gold pieces at shops.

Inventory:

Missiles
 a - 639 arrows
 b - 5 throwing nets {!f}
 k - 488 stones (quivered)
Armour
 K - a +2 pair of gloves (melded)
   (You found it on level 4 of the Lair of Beasts)
 T - a +2 cloak of poison resistance (worn)
   (You took it off Crazy Yiuf on level 4 of the Dungeon)
 W - a +1 pair of boots (worn)
   (You found it on level 4 of the Dungeon)
 Y - a +2 hat (worn)
   (You found it on level 13 of the Dungeon)
Jewellery
 l - an uncursed ring of protection from magic
   (You found it on level 2 of the Lair of Beasts)
 y - an uncursed amulet of magic regeneration
   (You found it on level 3 of the Dungeon)
 B - an amulet of regeneration (around neck)
   (You found it on level 10 of the Dungeon)
 L - the ring of Ferghek (right scythe-like blade) {Int+4 SInv}
   (You found it in a Gauntlet)

   [ring of intelligence]

   It affects your intelligence (+4).
   It lets you see invisible.
 O - the cursed necklace of Bloodlust {*Rage +Rage MR++ Int-3 Slay+6 *Curse}
   (You found it in a Gauntlet)

   [amulet of rage]

   It affects your intelligence (-3).
   It affects your accuracy and damage with ranged weapons and melee attacks
   (+6).
   It affects your resistance to hostile enchantments.
   It lets you go berserk.
   It may make you go berserk in combat.
   It curses itself when equipped.
   It has a curse placed upon it.
 P - the ring "Dynyemie" (left scythe-like blade) {rPois Dex+4 Slay+3 Stlth-}
   (You found it in a Gauntlet)

   [ring of poison resistance]

   It affects your dexterity (+4).
   It affects your accuracy and damage with ranged weapons and melee attacks
   (+3).
   It protects you from poison.
   It makes you less stealthy.
Wands
 d - a wand of iceblast (19)
   (You found it on level 3 of the Dungeon)
 t - a wand of flame (30)
   (You found it on level 12 of the Dungeon)
 u - a wand of paralysis (9)
   (You found it on level 6 of the Lair of Beasts)
 v - a wand of digging (18)
   (You found it on level 3 of the Lair of Beasts)
 D - a wand of enslavement (8)
   (You found it on level 1 of the Lair of Beasts)
 Z - a wand of scattershot (6)
   (You took it off Josephine on level 13 of the Dungeon)
Scrolls
 c - 2 scrolls of enchant armour
 f - 12 scrolls of teleportation {@r4}
 j - a scroll of immolation {!r}
 n - 3 scrolls of fog {unknown}
 p - a scroll of torment {!r}
 r - 9 scrolls of remove curse {@r2}
 w - a scroll of brand weapon {unknown}
 x - 5 scrolls of enchant weapon
 z - 3 scrolls of fear
 A - 2 scrolls of silence
 J - a scroll of noise {unknown}
 R - 6 scrolls of identify {@r1}
 U - 2 scrolls of magic mapping
Potions
 h - 8 potions of curing {@q1}
 i - 6 potions of berserk rage
 m - 2 potions of invisibility
 o - 6 potions of flight
 q - 3 potions of lignification {!q}
 C - 2 potions of agility
 E - a potion of resistance {unknown}
 F - 4 potions of might
 G - a potion of haste {@q3}
 H - 2 potions of brilliance
 N - 6 potions of heal wounds {@q2}
 S - 3 potions of cancellation
 X - a potion of magic
Miscellaneous
 g - 3 boxes of beasts
 s - a phial of floods
   (You found it on level 15 of the Dungeon)
 M - 3 phantom mirrors
Comestibles
 e - 43 rations {!d}
 I - 3 chunks of flesh


   Skills:
 + Level 14.8 Fighting
 + Level 13.2 Dodging
 + Level 13.6 Unarmed Combat
 + Level 11.1 Spellcasting
 - Level 11.0 Transmutations
 - Level 10.0 Invocations


You had 19 spell levels left.
You knew the following spells:

 Your Spells              Type           Power        Failure   Level  Hunger
a - Blade Hands           Tmut           ######....   19%         5    ####...
b - Blink                 Tloc           N/A          41%         2    None
c - Ice Form              Ice/Tmut       #####...     34%         4    None
q - Passwall              Tmut/Erth      #####...     14%         2    None
s - Sticks to Snakes      Tmut           ######..     7%          2    None
x - Spider Form           Tmut/Pois      #####.....   19%         3    None

Your spell library contained the following spells:

 Spells                   Type           Power        Failure   Level  Hunger
 Beastly Appendage        Tmut           ######       6%          1    None
 Ignite Poison            Fire/Tmut/Pois ####....     26%         3    None
 Confusing Touch          Hex            ##....       32%         1    None
 Infusion                 Chrm           ##..         32%         1    None
 Magic Dart               Conj           ##..         32%         1    None
 Sandblast                Erth           ##....       32%         1    None
 Summon Butterflies       Summ           ##......     32%         1    None
 Petrify                  Tmut/Erth      #####...     34%         4    None
 Call Imp                 Summ           ##......     41%         2    None
 Searing Ray              Conj           ##....       41%         2    None
 Shroud of Golubria       Chrm/Tloc      ##........   41%         2    None
 Slow                     Hex            ##......     41%         2    None
 Song of Slaying          Chrm           ##......     41%         2    None
 Sublimation of Blood     Necr           ##........   41%         2    None
 Alistair's Intoxication  Tmut/Pois      #####...     54%         5    ####...
 Irradiate                Conj/Tmut      #####.....   54%         5    ####...
 Yara's Violent Unravell  Hex/Tmut       #####.....   54%         5    ####...
 Call Canine Familiar     Summ           ##......     56%         3    None
 Confuse                  Hex            ##......     56%         3    None
 Conjure Flame            Conj/Fire      ##......     56%         3    None
 Dazzling Spray           Conj/Hex       ##....       56%         3    None
 Gell's Gravitas          Tloc           ##........   56%         3    None
 Lesser Beckoning         Tloc           ##........   56%         3    None
 Mephitic Cloud           Conj/Pois/Air  ##......     56%         3    None
 Regeneration             Chrm/Necr      ##........   56%         3    None
 Spectral Weapon          Hex/Chrm       ##......     56%         3    None
 Stone Arrow              Conj/Erth      ##....       56%         3    None
 Teleport Other           Tloc           ##......     56%         3    None
 Force Lance              Conj/Tloc      ##......     85%         4    None
 Fulminant Prism          Conj/Hex       ##........   85%         4    None
 Iskenderun's Mystic Bla  Conj           ##......     85%         4    None
 Passage of Golubria      Tloc           N/A          85%         4    None
 Summon Ice Beast         Ice/Summ       ##......     85%         4    None
 Summon Lightning Spire   Summ/Air       ##......     85%         4    None
 Lee's Rapid Deconstruct  Erth           ##........   98%         5    ####...
 Metabolic Englaciation   Hex/Ice        ##........   98%         5    ####...
 Silence                  Hex/Air        ##........   98%         5    ####...
 Summon Mana Viper        Hex/Summ       ##......     98%         5    ####...
 Bolt of Cold             Conj/Ice       ##........   100%        6    #####..
 Conjure Ball Lightning   Conj/Air       ##........   100%        6    #####..
 Darkness                 Hex            ##........   100%        6    #####..
 Haunt                    Necr/Summ      ##........   100%        7    #######
 Summon Hydra             Summ           ##........   100%        7    #######
 Borgnjor's Revivificati  Necr           ##........   100%        8    #######
 Death's Door             Chrm/Necr      ##........   100%        8    #######
 Infestation              Necr           ##........   100%        8    #######
 Necromutation            Tmut/Necr      #####.....   100%        8    #######


Dungeon Overview and Level Annotations

Branches:
Dungeon (15/15)            Temple (1/1) D:7            Lair (6/6) D:10
 Shoals (0/4) Lair:3       Spider (3/4) Lair:3          Orc (2/2) D:9
    Elf (0/3) Orc:2        Vaults (0/5) D:13         Depths (0/5) D:15
  Slime: Lair:5-6

Altars:
Ashenzari
Cheibriados
Dithmenos
Elyvilon
Fedhas
Gozag
Hepliaklqana
Kikubaaqudgha
Makhleb
Nemelex Xobeh
Okawaru
Qazlal
Ru
Sif Muna
Trog
Uskayaw
Vehumet
Wu Jian
Xom
Yredelemnul
Zin
The Shining One
Beogh

Shops:
D:5 %   D:7 (   D:10 %   D:11 ?   Orc:2 %(*}

Annotations:
Lair:4 exclusion: 2 oklob plants
Lair:5 exclusion: 3 oklob plants
Orc:2 2 transporters, vvokhom's ghost, journeyman MiBe


Innate Abilities, Weirdness & Mutations

You can walk through water.
Your dull iron-grey scales are very hard. (AC +14)
You cannot fit into any form of body armour.
You can survive without breathing.
You are cold-blooded and may be slowed by cold attacks.
You have a pair of small horns on your head.
Your natural rate of healing is unusually fast.
Your muscles are very strong. (Str +4)


Message History

A torpor snail comes into view.
Being near the torpor snail leaves you feeling lethargic.
You slash the orb spider! You tail-slap the orb spider.
A demonic crawler comes into view.
The demonic crawler gives a hideous shriek!
You hear an angry buzzing noise.
The tarantella completely misses you.
You hit the tarantella. The tarantella closely misses you.
A spark wasp comes into view.
The spark wasp buzzes angrily.
You slice the tarantella!! Your headbutt misses the tarantella.
Your tail-slap misses the tarantella.
The tarantella bites you but does no damage.
The demonic crawler barely misses you. The demonic crawler closely misses you.
The demonic crawler hits you but does no damage.
The tarantella bites you but does no damage.
You slash the tarantella!
You kill the tarantella!
Makhleb accepts your kill.
The demonic crawler hits you but does no damage.
The demonic crawler misses you. The demonic crawler hits you.
The orb spider weaves a glowing orb of energy.
The torpor snail is caught in a web!
The demonic crawler closely misses you.
The demonic crawler hits you but does no damage. x2
An orb of destruction comes into view.
You slice the demonic crawler!! The demonic crawler hits you! x2
The demonic crawler closely misses you.
The torpor snail struggles to get unstuck from the web.
You slice the demonic crawler!!
You kill the demonic crawler!
Makhleb accepts your kill.
You feel better. The orb of destruction hits you!!!
The torpor snail pulls away from the web.
You hit the spark wasp. Your headbutt misses the spark wasp.
The spark wasp closely misses you. The spark wasp stings you.
The spark wasp shocks you!
You slice the spark wasp!! You headbutt the spark wasp.
Your slash misses the spark wasp. The spark wasp stings you.
The spark wasp shocks you!
* * * LOW HITPOINT WARNING * * *
The spark wasp stings you!
* * * LOW HITPOINT WARNING * * *
The spark wasp shocks you!
* * * LOW HITPOINT WARNING * * *
You slash the spark wasp! Your headbutt misses the spark wasp.
You tail-slap the spark wasp, but do no damage.
The spark wasp stings you!!
* * * LOW HITPOINT WARNING * * *
The spark wasp shocks you!
You die...

#########...##
#......#.....##
#......#......#
#.....###.....#
#.^$....<....##
#.#......###.#
#...##..## ###
#....#.##
#^@..###
##wy....#
##^..^## ##s^##
..# ..# .. ...


You could see a spark wasp, a torpor snail and an orb spider.

Vanquished Creatures
  Rupert (Lair:3)
  2 emperor scorpions (Spider:3)
  2 entropy weavers
  A stone giant (D:13)
  A minotaur (Gauntlet)
  Azrael (Spider:1)
  A spark wasp (Spider:3)
  Josephine (D:13)
  Harold (D:8)
  A great orb of eyes (D:13)
  2 hydras
  A ghost crab (Gauntlet)
  3 catoblepae (Lair:6)
  10 two-headed ogres
  A death knight (D:13)
  5 centaur warriors
  An ogre mage (D:15)
  An anaconda (Lair:6)
  2 tengu warriors
  10 death yaks
  4 orc high priests (Orc:2)
  Urug (D:10)
  A fire crab (Lair:5)
  3 wizards
  An unseen horror (D:12)
  A necromancer (D:15)
  An orc knight (Orc:2)
  4 orc sorcerers
  15 ugly things
  13 wolf spiders
  A deep elf mage (D:13)
  11 orb spiders
  4 cyclopes
  4 manticores
  3 ice statues (IceCv)
  5 black mambas
  3 elephants (Lair:5)
  A water nymph (shapeshifter) (Gauntlet)
  2 naga magi (D:15)
  2 gargoyles
  5 spiny frogs
  4 rime drakes
  3 centaur skeletons
  6 komodo dragons
  7 demonic crawlers
  2 yaktaurs (D:13)
  4 tengu conjurers
  17 jumping spiders
  A queen bee (shapeshifter) (D:13)
  A polar bear (shapeshifter) (Gauntlet)
  2 hornets
  7 trolls
  A slime creature (D:13)
  9 hippogriffs
  A hippogriff (shapeshifter) (D:13)
  20 blink frogs (Lair:6)
  A shadow (D:13)
  21 redbacks
  10 wraiths
  A fire bat (shapeshifter) (Gauntlet)
  50 yaks
  6 wyverns
  16 tarantellas
  2 basilisks (Lair:2)
  A steam dragon (D:10)
  5 fire elementals (Lair:3)
  A hungry ghost (D:9)
  21 vampire mosquitoes
  An acid dragon (D:8)
  7 water moccasins
  Duvessa (D:7)
  2 hell hounds
  A hornet zombie (D:8)
  10 porcupines
  16 orc warriors
  Purgy (Sewer)
  21 ice beasts
  3 sky beasts
  3 black bears
  An eye of draining (D:14)
  2 necrophages (D:8)
  11 ogres
  3 phantoms
  An eye of draining (shapeshifter) (D:15)
  11 crocodiles
  6 wolves (Lair:3)
  19 centaurs
  12 bullfrogs
  A wyvern zombie (D:15)
  A hornet simulacrum (D:14)
  3 scorpions
  A troll zombie (D:9)
  37 killer bees
  An electric eel (Spider:1)
  11 wights
  9 howler monkeys
  6 centaur zombies
  4 crimson imps
  2 quasits
  5 human zombies (D:8)
  A bullfrog zombie (D:8)
  32 orc priests
  Crazy Yiuf (D:4)
  5 jellies
  4 hounds
  A gnoll shaman (D:6)
  2 human skeletons (D:8)
  14 iguanas
  9 worker ants
  31 orc wizards
  4 hell rats (Lair:4)
  7 ogre zombies (D:9)
  2 mummies (D:8)
  A howler monkey zombie (D:8)
  8 adders
  13 gnolls
  5 shadow imps
  2 oozes
  2 adder zombies
  An adder skeleton (D:8)
  4 worms
  2 dart slugs
  2 leopard geckos (D:1)
  76 orcs
  4 giant cockroaches
  9 goblins
  9 hobgoblins
  15 jackals
  12 kobolds
  5 quokkas
  2 ball pythons
  4 bats
  7 frilled lizards
  A goblin skeleton (D:9)
  2 goblin zombies (D:9)
  3 hobgoblin skeletons (D:9)
  2 hobgoblin zombies (D:9)
  A jackal skeleton (D:4)
  2 orc skeletons (D:9)
  15 orc zombies (D:9)
  2 quokka skeletons
  A quokka zombie (D:9)
  12 rats
  A plant (Lair:6)
904 creatures vanquished.

Vanquished Creatures (collateral kills)
  Snorg (Lair:5)
  A hydra (D:11)
  A death yak (Lair:6)
  A vampire mosquito (D:15)
  Dowan (D:7)
  3 gnolls (D:2)
  3 orcs
  A bat (D:2)
  A fungus (D:10)
13 creatures vanquished.

Vanquished Creatures (others)
  A water moccasin (Lair:5)
  2 bushes (Lair:6)
  A demonic plant (Gauntlet)
  10 fungi
  19 plants
33 creatures vanquished.

Grand Total: 950 creatures vanquished

Notes
Turn   | Place    | Note
-------+----------+-------------------------------------------
     0 | D:1      | Norn the Draconian Transmuter began the quest for the Orb.
     0 | D:1      | Reached XP level 1. HP: 16/16 MP: 3/3
    84 | D:1      | Reached XP level 2. HP: 20/23 MP: 5/5
   316 | D:1      | Learned a level 2 spell: Sticks to Snakes
   489 | D:1      | Reached XP level 3. HP: 21/28 MP: 3/6
  1586 | D:2      | Reached skill level 5 in Unarmed Combat
  1586 | D:2      | Reached XP level 4. HP: 26/35 MP: 0/7
  2656 | D:2      | Learned a level 3 spell: Spider Form
  3280 | D:2      | Reached skill level 2 in Fighting
  3280 | D:2      | Reached XP level 5. HP: 34/41 MP: 1/8
  4833 | D:4      | Reached XP level 6. HP: 33/50 MP: 6/9
  4963 | D:4      | Noticed a wyvern
  4976 | D:4      | Killed a wyvern
  4976 | D:4      | Reached skill level 3 in Fighting
  5217 | D:4      | Found a runed translucent door.
  5218 | D:4      | Noticed Crazy Yiuf
  5305 | D:4      | Reached skill level 5 in Transmutations
  5353 | D:4      | Gained mutation: Your natural rate of healing is unusually
                  | fast. [potion of mutation]
  5353 | D:4      | Gained mutation: You have a pair of small horns on your
                  | head. [potion of mutation]
  5353 | D:4      | Gained mutation: Your muscles are strong. (Str +2) [potion
                  | of mutation]
  5353 | D:4      | Gained mutation: Your muscles are very strong. (Str +4)
                  | [potion of mutation]
  5487 | D:4      | Your scales start taking on a dull iron-grey colour.
  5487 | D:4      | Reached XP level 7. HP: 58/58 MP: 6/10
  5487 | D:4      | Gained mutation: You can survive without breathing. [Grey
                  | Draconian growth]
  5569 | D:4      | Reached skill level 4 in Fighting
  6002 | D:4      | Killed Crazy Yiuf
  6169 | D:5      | Entered Level 5 of the Dungeon
  6271 | D:5      | Reached skill level 5 in Fighting
  6291 | D:5      | Reached XP level 8. HP: 65/68 MP: 7/11
  6319 | D:5      | Found a glowing drain.
  6334 | Sewer    | Entered a sewer
  6362 | Sewer    | Noticed Purgy
  6381 | Sewer    | Killed Purgy
  6773 | D:5      | Reached skill level 6 in Fighting
  6774 | D:5      | Found Estrast's Food Boutique.
  6922 | D:5      | Found an opulent altar of Gozag.
  7519 | D:6      | Reached XP level 9. HP: 78/78 MP: 8/12
  7709 | D:7      | Found a staircase to the Ecumenical Temple.
  7730 | Temple   | Entered the Ecumenical Temple
  7829 | Temple   | Became a worshipper of Makhleb the Destroyer
  7925 | D:7      | Noticed Dowan
  7925 | D:7      | Noticed Duvessa
  7939 | D:7      | Killed Duvessa
  7943 | D:7      | Killed Dowan
  8347 | D:7      | Found Zivischue's Antique Weapon Emporium.
  8399 | D:7      | Reached skill level 7 in Fighting
  9130 | D:8      | Noticed Harold
  9160 | D:8      | Reached * piety under Makhleb
  9434 | D:8      | Reached skill level 5 in Dodging
  9489 | D:8      | Reached skill level 8 in Fighting
  9716 | D:8      | Killed Harold
  9716 | D:8      | Reached XP level 10. HP: 44/90 MP: 13/13
  9723 | D:8      | Reached ** piety under Makhleb
 10058 | D:8      | Found an ancient bone altar of Kikubaaqudgha.
 10325 | D:9      | Reached skill level 10 in Unarmed Combat
 10592 | D:9      | Reached *** piety under Makhleb
 10727 | D:9      | Reached skill level 9 in Fighting
 10782 | D:9      | Identified Utzed's Almanac of Hexes and Summoning
 10873 | D:9      | Found a staircase to the Orcish Mines.
 10944 | D:9      | Found a shattered altar of Ashenzari.
 10972 | D:9      | Reached **** piety under Makhleb
 10988 | D:9      | Noticed a red ugly thing
 11012 | D:9      | Killed a red ugly thing
 11176 | D:9      | Found a deep blue altar of Sif Muna.
 11177 | D:9      | Found a shattered altar of Ashenzari.
 11193 | D:9      | Found a blossoming altar of Fedhas.
 11194 | D:9      | Found a stormy altar of Qazlal.
 11194 | D:9      | Found an ancient bone altar of Kikubaaqudgha.
 11194 | D:9      | Found an ornate altar of the Wu Jian Council.
 11281 | D:9      | Reached XP level 11. HP: 97/97 MP: 14/14
 11491 | D:10     | Entered Level 10 of the Dungeon
 11555 | D:10     | Noticed a two-headed ogre
 11572 | D:10     | Killed a two-headed ogre
 11808 | D:10     | Noticed a two-headed ogre
 11819 | D:10     | Killed a two-headed ogre
 11836 | D:10     | Reached skill level 10 in Fighting
 11915 | D:10     | Reached ***** piety under Makhleb
 11922 | D:10     | Reached skill level 10 in Transmutations
 12020 | D:10     | Learned a level 5 spell: Blade Hands
 12024 | D:10     | Noticed Urug
 12037 | D:10     | HP: 1/99 [Urug/javelin of penetration (14)]
 12283 | D:10     | Killed Urug
 12398 | D:10     | Found Nigaah's Food Shop.
 12457 | D:10     | Found a staircase to the Lair.
 12749 | Lair:1   | Entered Level 1 of the Lair of Beasts
 13872 | Lair:2   | Reached skill level 1 in Invocations
 14089 | Lair:2   | Reached XP level 12. HP: 108/108 MP: 15/15
 14179 | Lair:2   | Noticed an eight-headed hydra
 14249 | Lair:2   | Killed a ten-headed hydra
 14404 | Lair:2   | Reached skill level 11 in Fighting
 14794 | Lair:3   | Noticed Rupert
 14808 | Lair:3   | Killed Rupert
 14885 | Lair:3   | Reached skill level 5 in Invocations
 15066 | Lair:3   | Found a staircase to the Shoals.
 15176 | Lair:3   | Found a hole to the Spider Nest.
 15702 | Lair:4   | You fall through a shaft for 2 floors!
 15702 | Lair:6   | Entered Level 6 of the Lair of Beasts
 15871 | Lair:5   | Reached skill level 5 in Spellcasting
 15924 | Lair:5   | Noticed Snorg
 15933 | Lair:5   | Killed Snorg
 15999 | Lair:5   | Found a gate leading to a gauntlet.
 16008 | Gauntlet | Entered a Gauntlet
 16008 | Gauntlet | Found a transporter.
 16012 | Gauntlet | Found a transporter.
 16014 | Gauntlet | Found a transporter.
 16014 | Gauntlet | Found a transporter.
 16015 | Gauntlet | Found the cursed necklace of Bloodlust {*Rage +Rage MR++
                  | Int-3 Slay+6 *Curse}
 16017 | Gauntlet | Found a transporter.
 16029 | Gauntlet | Found a transporter.
 16037 | Gauntlet | Found a transporter.
 16038 | Gauntlet | Noticed a ghost crab
 16054 | Gauntlet | Found a transporter.
 16056 | Gauntlet | Found a transporter.
 16061 | Gauntlet | Found a transporter.
 16064 | Gauntlet | Found a runed translucent door.
 16068 | Gauntlet | Found a transporter.
 16075 | Gauntlet | Found a runed translucent door.
 16099 | Gauntlet | Noticed a blizzard demon
 16133 | Gauntlet | Found a transporter.
 16133 | Gauntlet | Noticed a ghost crab
 16175 | Gauntlet | Noticed an anaconda
 16194 | Gauntlet | Noticed a two-headed ogre
 16194 | Gauntlet | an anaconda changed into a two-headed ogre
 16195 | Gauntlet | Noticed a two-headed ogre
 16195 | Gauntlet | a deep troll changed into a two-headed ogre
 16197 | Gauntlet | a two-headed ogre changed into a slime creature
 16206 | Gauntlet | a two-headed ogre changed into a water nymph
 16219 | Gauntlet | Reached XP level 13. HP: 87/116 MP: 21/21
 16229 | Gauntlet | Got a slimy steel ring
 16236 | Gauntlet | Identified the ring of Ferghek {Int+4 SInv} (You found it
                  | in a Gauntlet)
 16274 | Gauntlet | Got a scintillating turquoise ring
 16419 | Gauntlet | Noticed a minotaur
 16427 | Gauntlet | Killed a minotaur
 16432 | Gauntlet | Identified Sif Muna's Reference Book on Lethal Lightness
 17081 | Lair:5   | Found a blossoming altar of Fedhas.
 17442 | Lair:4   | Identified the ring "Dynyemie" {rPois Dex+4 Slay+3 Stlth-}
                  | (You found it in a Gauntlet)
 17594 | Lair:4   | Learned a level 2 spell: Blink
 18009 | Lair:6   | Reached skill level 10 in Invocations
 18055 | Lair:6   | Reached skill level 10 in Dodging
 18589 | Lair:6   | Reached ****** piety under Makhleb
 18797 | Lair:6   | Reached XP level 14. HP: 117/125 MP: 20/25
 18889 | Lair:6   | Learned a level 2 spell: Passwall
 19159 | Lair:6   | Reached skill level 12 in Fighting
 19601 | D:11     | You fall through a shaft!
 19973 | D:11     | Found Moalleug's Magic Scroll Boutique.
 19988 | D:11     | Bought a scroll of acquirement for 728 gold pieces
 20527 | D:13     | Found a frozen archway.
 20559 | IceCv    | Entered an ice cave
 20686 | IceCv    | Learned a level 4 spell: Ice Form
 20919 | IceCv    | Got a translucent mace
 21059 | D:13     | Found a gate to the Vaults.
 21152 | D:13     | Noticed a stone giant
 21162 | D:13     | Killed a stone giant
 21165 | D:13     | Paralysed by a great orb of eyes for 3 turns
 21578 | D:13     | Noticed Josephine
 21586 | D:13     | Killed Josephine
 21586 | D:13     | Reached skill level 13 in Fighting
 22140 | D:14     | Reached XP level 15. HP: 135/135 MP: 16/28
 22661 | D:15     | Entered Level 15 of the Dungeon
 23474 | D:15     | Found a staircase to the Depths.
 23484 | D:15     | Reached skill level 10 in Spellcasting
 23718 | Orc:1    | Entered Level 1 of the Orcish Mines
 24116 | Orc:2    | Entered Level 2 of the Orcish Mines
 24142 | Orc:2    | Found a staircase to the Elven Halls.
 24225 | Orc:2    | Found a roughly hewn altar of Beogh.
 24528 | Orc:2    | Reached skill level 14 in Fighting
 24577 | Orc:2    | Found Geol's Food Emporium.
 24577 | Orc:2    | Found Yhaa's Assorted Antiques.
 24582 | Orc:2    | Found Duachad's Gadget Shoppe.
 24590 | Orc:2    | Found Ixuonnei's Antique Weapon Emporium.
 24786 | Orc:2    | Found a transporter.
 24786 | Orc:2    | Noticed vvokhom's ghost (journeyman MiBe)
 24786 | Orc:2    | Identified the +3 great mace of Ceicag {crush, rElec rPois
                  | Str+4 Stlth-}
 24786 | Orc:2    | Identified the +5 great mace of Theory {elec, rElec rPois
                  | rC++ Int-2}
 24799 | Orc:2    | Found a transporter.
 25084 | Spider:1 | Entered Level 1 of the Spider Nest
 25084 | Spider:1 | Noticed Azrael
 25152 | Spider:1 | Killed Azrael
 25443 | Spider:1 | Reached XP level 16. HP: 82/146 MP: 30/30
 26827 | Spider:2 | You fall through a shaft!
 27093 | Spider:3 | Slain by a spark wasp

Skill      XL: |  1  2  3  4  5  6  7  8  9 10 11 12 13 14 15 16 |
---------------+-------------------------------------------------+-----
Unarmed Combat | 4 5 6 9 10 12 13 | 13.6
Fighting       | 2 3 5 6 8 9 10 11 13 14 | 14.8
Transmutations | 3 4 5 7 9 11 | 11.0
Dodging        | 3 5 6 8 9 10 11 12 13 | 13.2
Invocations    | 2 8 10 | 10.0
Spellcasting   | 5 7 9 10 11 | 11.1

Action                   |  1- 3 |  4- 6 |  7- 9 | 10-12 | 13-15 | 16-18 || total
-------------------------+-------+-------+-------+-------+-------+-------++-------
Melee: Unarmed           |   128 |   200 |   417 |   710 |  1048 |   183 ||  2686
       Tailslap          |    11 |    17 |    32 |    84 |   146 |    28 ||   318
       Headbutt          |     5 |     8 |    38 |   131 |   197 |    46 ||   425
       Kick              |     4 |     9 |       |       |       |       ||    13
       Punch             |     2 |       |     9 |    35 |    52 |    12 ||   110
Throw: Stone             |     9 |       |     1 |     1 |       |       ||    11
 Cast: Beastly Appendage |    13 |    13 |       |       |       |       ||    26
       Sticks to Snakes  |     5 |    18 |    14 |    20 |     8 |       ||    65
       Spider Form       |       |     6 |    28 |     4 |     1 |       ||    39
       Blade Hands       |       |       |       |    31 |    92 |    20 ||   143
       Ice Form          |       |       |       |       |     2 |       ||     2
 Abil: End Transformatio |       |       |       |       |     1 |       ||     1
Evoke: Wand              |       |       |       |    11 |       |       ||    11
  Use: Scroll            |       |     7 |     2 |    15 |    15 |     1 ||    40
       Potion            |       |     2 |       |     1 |     1 |     1 ||     5
 Stab: Sleeping          |       |     2 |     2 |       |       |       ||     4
       Distracted        |       |     1 |     2 |     1 |     1 |       ||     5
       Petrified         |       |       |       |       |     4 |       ||     4
       Invisible         |       |       |       |       |     1 |       ||     1
  Eat: Chunk             |     3 |    10 |    19 |    31 |    44 |     5 ||   112
       Ration            |       |     1 |       |     2 |     2 |     1 ||     6
Armor: Skin              |    42 |    47 |    88 |   237 |   260 |    80 ||   754
Dodge: Dodged            |   102 |   136 |   327 |   549 |   862 |   237 ||  2213
